TOP OF THE 1ST |
Fargo-Moorhead RedHawks batting - Pitching for Texas AirHogs : LHP Brian Potvin
|
Pitching: LHP Brian Potvin
|
|
Batting: LHB Corey Olsen
|
0-0: Called Strike 0-1: Foul Ball, location: 3F 0-2: Strikes out swinging
|
Batting: RHB Hisornori Watanabe
|
0-0: Ground out 5-3 (Groundball, 56, EV 78.1 MPH)
|
Batting: RHB Victor Rodriguez
|
0-0: Ball 1-0: Ball 2-0: Called Strike 2-1: Ball 3-1: Base on Balls
|
Batting: LHB Josh Sarchet
|
0-0: Ball 1-0: Ball 2-0: Swinging Strike 2-1: Ball 3-1: Called Strike 3-2: Strikes out swinging
|
Top of the 1st over - 0 runs, 0 hits, 0 errors, 1 left on base; Fargo-Moorhead 0 - Texas 0 |
BOTTOM OF THE 1ST |
Texas AirHogs batting - Pitching for Fargo-Moorhead RedHawks : RHP Sean Butler
|
Pitching: RHP Sean Butler
|
|
Batting: LHB Dustin Higgins
|
0-0: Ball 1-0: Foul Ball, location: 7LDF 1-1: SOLO HOME RUN (Line Drive, 78XD, EV 108.1 MPH), Distance : 415 ft
|
Batting: RHB Alex Conchas
|
0-0: Swinging Strike 0-1: Swinging Strike 0-2: Ball 1-2: Ball 2-2: Foul Ball, location: 3FF 2-2: Strikes out swinging
|
Batting: LHB Melvin Valdez
|
0-0: SINGLE (Groundball, 34S, EV 76.9 MPH)
|
Batting: LHB Felipe Ruiz
|
0-0: Foul Ball, location: 7LDF 0-1: Fly out, F8 (Flyball, 8RXD, EV 90.6 MPH)
|
Batting: LHB Kevin Tedder
|
0-0: Ball 1-0: Ball 2-0: Ball 3-0: Called Strike 3-1: Foul Ball, location: 7LSF 3-2: Base on Balls Melvin Valdez to second
|
Batting: RHB Gabriel Flores
|
0-0: Called Strike 0-1: Ball 1-1: Foul Ball, location: 9LDF 1-2: Ball 2-2: Strikes out looking
|
Bottom of the 1st over - 1 run, 2 hits, 0 errors, 2 left on base; Fargo-Moorhead 0 - Texas 1 |
TOP OF THE 2ND |
Fargo-Moorhead RedHawks batting - Pitching for Texas AirHogs : LHP Brian Potvin
|
Batting: RHB Juan Chavez
|
0-0: Ball 1-0: Called Strike 1-1: Foul Ball, location: 2F 1-2: Foul Ball, location: 25FF 1-2: Foul Ball, location: 9LSF 1-2: Strikes out swinging
|
Batting: LHB Ben Grosser
|
0-0: Called Strike 0-1: Called Strike 0-2: Ball 1-2: Strikes out swinging
|
Batting: RHB John Keddie
|
0-0: Foul Ball, location: 7LMFF 0-1: SINGLE (Groundball, 6M, EV 91.3 MPH) (infield hit)
|
Batting: RHB Paul Outerbridge
|
0-0: Called Strike 0-1: Fly out, F8 (Flyball, 8LD, EV 87.5 MPH)
|
Top of the 2nd over - 0 runs, 1 hit, 0 errors, 1 left on base; Fargo-Moorhead 0 - Texas 1 |
BOTTOM OF THE 2ND |
Texas AirHogs batting - Pitching for Fargo-Moorhead RedHawks : RHP Sean Butler
|
Batting: SHB Jose Cervantes
|
0-0: Ball 1-0: Called Strike 1-1: Foul Ball, location: 2RF 1-2: Foul Ball, location: 3FF 1-2: Ball 2-2: Foul Ball, location: 5F 2-2: Ball 3-2: SINGLE (Line Drive, 9S, EV 91.3 MPH)
|
Batting: RHB Alex Novoa
|
0-0: Called Strike 0-1: Foul Ball, location: 2F 0-2: Fly out, F8 (Flyball, 8RXD, EV 104.4 MPH)
|
Batting: RHB Mike Eldred
|
0-0: Called Strike 0-1: Swinging Strike 0-2: Foul Ball, location: 2F 0-2: Ball 1-2: Foul Ball, location: 23F 1-2: SINGLE (Line Drive, 5D, EV 101.9 MPH) Jose Cervantes to second
|
Batting: LHB Dustin Higgins
|
0-0: Swinging Strike 0-1: Foul Ball, location: 3FF 0-2: Strikes out swinging
|
Batting: RHB Alex Conchas
|
0-0: Called Strike 0-1: Hit by Pitch Jose Cervantes to third Mike Eldred to second
|
Batting: LHB Melvin Valdez
|
0-0: Ball 1-0: Called Strike 1-1: Ground out U3 (Groundball, 3, EV 75.6 MPH)
|
Bottom of the 2nd over - 0 runs, 2 hits, 0 errors, 3 left on base; Fargo-Moorhead 0 - Texas 1 |
TOP OF THE 3RD |
Fargo-Moorhead RedHawks batting - Pitching for Texas AirHogs : LHP Brian Potvin
|
Batting: RHB Jim James
|
0-0: Foul Ball, location: 25F 0-1: Ball 1-1: Ball 2-1: Foul Ball, location: 2F 2-2: Ball 3-2: Ground out 5-3 (Groundball, 56S, EV 86.3 MPH)
|
Batting: LHB Corey Olsen
|
0-0: Ball 1-0: Foul Ball, location: 3F 1-1: Fly out, F8 (Flyball, 78M, EV 91.9 MPH)
|
Batting: RHB Hisornori Watanabe
|
0-0: SINGLE (Line Drive, 8LS, EV 107.5 MPH)
|
Batting: RHB Victor Rodriguez
|
0-0: Ball 1-0: Called Strike 1-1: Ball 2-1: Ball 3-1: Called Strike 3-2: Foul Ball, location: 2F 3-2: Base on Balls Hisornori Watanabe to second
|
Batting: LHB Josh Sarchet
|
0-0: Ball 1-0: Ball 2-0: Fly out, F7 (Flyball, 7D, EV 93.8 MPH)
|
Top of the 3rd over - 0 runs, 1 hit, 0 errors, 2 left on base; Fargo-Moorhead 0 - Texas 1 |
BOTTOM OF THE 3RD |
Texas AirHogs batting - Pitching for Fargo-Moorhead RedHawks : RHP Sean Butler
|
Batting: LHB Felipe Ruiz
|
0-0: Foul Ball, location: 9LMF 0-1: Ball 1-1: Fly out, F6 (Popup, 56, EV 76.3 MPH)
|
Batting: LHB Kevin Tedder
|
0-0: Ball 1-0: Ball 2-0: Foul Ball, location: 2RF 2-1: Foul Ball, location: 2F 2-2: Ground out 5-3 (Groundball, 56, EV 77.5 MPH)
|
Batting: RHB Gabriel Flores
|
0-0: Ball 1-0: DOUBLE (Flyball, 8RXD, EV 109.4 MPH)
|
Batting: SHB Jose Cervantes
|
0-0: Called Strike 0-1: Swinging Strike 0-2: Ball 1-2: Ball 2-2: Ball 3-2: Strikes out swinging
|
Bottom of the 3rd over - 0 runs, 1 hit, 0 errors, 1 left on base; Fargo-Moorhead 0 - Texas 1 |
TOP OF THE 4TH |
Fargo-Moorhead RedHawks batting - Pitching for Texas AirHogs : LHP Brian Potvin
|
Batting: RHB Juan Chavez
|
0-0: Ball 1-0: Ball 2-0: Called Strike 2-1: SINGLE (Line Drive, 6MD, EV 100.6 MPH)
|
Batting: LHB Ben Grosser
|
0-0: Swinging Strike 0-1: Ball 1-1: Ball 2-1: Foul Ball, location: 7LDF 2-2: Ball 3-2: Grounds into double play, 2-4-3 (Groundball, 2L, EV 75.0 MPH)
|
Batting: RHB John Keddie
|
0-0: Called Strike 0-1: Ball 1-1: Swinging Strike 1-2: Foul Ball, location: 25F 1-2: Foul Ball, location: 5FF 1-2: Foul Ball, location: 23F 1-2: Foul Ball, location: 5F 1-2: Ball 2-2: Ball 3-2: Foul Ball, location: 2F 3-2: Foul Ball, location: 9LDF 3-2: Foul Ball, location: 5F 3-2: Foul Ball, location: 2F 3-2: Foul Ball, location: 3FF 3-2: Foul Ball, location: 2F 3-2: SINGLE (Groundball, 4MD, EV 106.3 MPH)
|
Batting: RHB Paul Outerbridge
|
0-0: Ball 1-0: Ground out 5-3 (Groundball, 25, EV 80.6 MPH)
|
Top of the 4th over - 0 runs, 2 hits, 0 errors, 1 left on base; Fargo-Moorhead 0 - Texas 1 |
BOTTOM OF THE 4TH |
Texas AirHogs batting - Pitching for Fargo-Moorhead RedHawks : RHP Sean Butler
|
Batting: RHB Alex Novoa
|
0-0: Called Strike 0-1: Ball 1-1: Ball 2-1: Called Strike 2-2: Strikes out swinging
|
Batting: RHB Mike Eldred
|
0-0: Ball 1-0: Ball 2-0: Ball 3-0: Swinging Strike 3-1: Foul Ball, location: 2F 3-2: Strikes out looking
|
Batting: LHB Dustin Higgins
|
0-0: Ball 1-0: Ball 2-0: Fly out, F9 (Line Drive, 9S, EV 97.5 MPH)
|
Bottom of the 4th over - 0 runs, 0 hits, 0 errors, 0 left on base; Fargo-Moorhead 0 - Texas 1 |
TOP OF THE 5TH |
Fargo-Moorhead RedHawks batting - Pitching for Texas AirHogs : LHP Brian Potvin
|
Batting: RHB Jim James
|
0-0: Called Strike 0-1: Ball 1-1: Foul Ball, location: 5FF 1-2: Ball 2-2: Foul Ball, location: 2F 2-2: Foul Ball, location: 3FF 2-2: Fly out, F8 (Flyball, 8LD, EV 96.3 MPH)
|
Batting: LHB Corey Olsen
|
0-0: Ball 1-0: SINGLE (Groundball, 6, EV 109.4 MPH) (infield hit)
|
Batting: RHB Hisornori Watanabe
|
0-0: Foul Ball, location: 9LDF 0-1: Ball 1-1: Called Strike 1-2: Ball 2-2: Fly out, F7 (Line Drive, 78S, EV 109.4 MPH)
|
Batting: RHB Victor Rodriguez
|
0-0: SINGLE (Groundball, 34D, EV 97.5 MPH) Corey Olsen to second Runner from 2nd tries for 3rd, SAFE, no throw by RF
|
Batting: LHB Josh Sarchet
|
0-0: Called Strike 0-1: Swinging Strike 0-2: Ball 1-2: Strikes out swinging
|
Top of the 5th over - 0 runs, 2 hits, 0 errors, 2 left on base; Fargo-Moorhead 0 - Texas 1 |
BOTTOM OF THE 5TH |
Texas AirHogs batting - Pitching for Fargo-Moorhead RedHawks : RHP Sean Butler
|
Batting: RHB Alex Conchas
|
0-0: Ball 1-0: Ball 2-0: Called Strike 2-1: Ball 3-1: Swinging Strike 3-2: Fly out, F9 (Flyball, 9, EV 93.1 MPH)
|
Batting: LHB Melvin Valdez
|
0-0: Foul Ball, location: 2F 0-1: Ball 1-1: Ground out 4-3 (Groundball, 4, EV 80.0 MPH)
|
Batting: LHB Felipe Ruiz
|
0-0: Ball 1-0: Ball 2-0: Ball 3-0: Base on Balls
|
Batting: LHB Kevin Tedder
|
0-0: Called Strike 0-1: Fly out, F8 (Flyball, 8LD, EV 104.4 MPH)
|
Bottom of the 5th over - 0 runs, 0 hits, 0 errors, 1 left on base; Fargo-Moorhead 0 - Texas 1 |
TOP OF THE 6TH |
Fargo-Moorhead RedHawks batting - Pitching for Texas AirHogs : LHP Brian Potvin
|
Pitching: RHP Justin Robinson
|
|
Batting: RHB Juan Chavez
|
0-0: Foul Ball, location: 23FF 0-1: Ball 1-1: Ball 2-1: Called Strike 2-2: Ball 3-2: Ground out 4-3 (Groundball, 4, EV 85.6 MPH)
|
Batting: LHB Ben Grosser
|
0-0: Called Strike 0-1: Foul Ball, location: 3F 0-2: Foul Ball, location: 7LSF 0-2: Ball 1-2: Ball 2-2: Ball 3-2: Foul Ball, location: 2F 3-2: Foul Ball, location: 2F 3-2: Foul Ball, location: 2F 3-2: SOLO HOME RUN (Flyball, 78XD, EV 99.4 MPH), Distance : 404 ft
|
Batting: RHB John Keddie
|
0-0: Ball 1-0: Called Strike 1-1: Fly out, F2 (Popup, 15S, EV 86.9 MPH)
|
Batting: RHB Paul Outerbridge
|
0-0: Swinging Strike 0-1: Ball 1-1: Foul Ball, location: 23F 1-2: Ball 2-2: Ball 3-2: Strikes out swinging
|
Top of the 6th over - 1 run, 1 hit, 0 errors, 0 left on base; Fargo-Moorhead 1 - Texas 1 |
BOTTOM OF THE 6TH |
Texas AirHogs batting - Pitching for Fargo-Moorhead RedHawks : RHP Sean Butler
|
Batting: RHB Gabriel Flores
|
0-0: Called Strike 0-1: Ball 1-1: SOLO HOME RUN (Flyball, 7D, EV 96.3 MPH), Distance : 370 ft
|
Batting: SHB Jose Cervantes
|
0-0: Called Strike 0-1: Ball 1-1: Ground out 5-3 (Groundball, 5, EV 77.5 MPH)
|
Batting: RHB Alex Novoa
|
0-0: Ground out 6-3 (Groundball, 6, EV 81.3 MPH)
|
Batting: RHB Mike Eldred
|
0-0: Called Strike 0-1: Ball 1-1: Ground out 4-3 (Groundball, 34, EV 99.4 MPH)
|
Bottom of the 6th over - 1 run, 1 hit, 0 errors, 0 left on base; Fargo-Moorhead 1 - Texas 2 |
TOP OF THE 7TH |
Fargo-Moorhead RedHawks batting - Pitching for Texas AirHogs : RHP Justin Robinson
|
Pinch Hitting: LHB Nate Fitzhugh
|
0-0: Ball 1-0: Foul Ball, location: 7LDF 1-1: Ground out U3 (Groundball, 3L, EV 98.8 MPH)
|
Batting: LHB Corey Olsen
|
0-0: Ball 1-0: Ball 2-0: Ball 3-0: Base on Balls
|
Pitching: LHP Mario Rico
|
|
Batting: RHB Hisornori Watanabe
|
0-0: Ball 1-0: Ground out 5-3 (Groundball, 5, EV 80.0 MPH) Corey Olsen to second
|
Batting: RHB Victor Rodriguez
|
0-0: Called Strike 0-1: Called Strike 0-2: Ball 1-2: Ball 2-2: SINGLE (Groundball, 34D, EV 101.9 MPH) Corey Olsen to third Runner from 3rd tries for Home, SAFE, throw by RF to home Victor Rodriguez to second
|
Pinch Hitting: SHB Danny Duran
|
0-0: Ball 1-0: Called Strike 1-1: Ball 2-1: Foul Ball, location: 7LMFF 2-2: Ball 3-2: Fly out, F9 (Flyball, 9, EV 88.8 MPH)
|
Top of the 7th over - 1 run, 1 hit, 0 errors, 1 left on base; Fargo-Moorhead 2 - Texas 2 |
BOTTOM OF THE 7TH |
Texas AirHogs batting - Pitching for Fargo-Moorhead RedHawks : RHP Sean Butler
|
Pitching: LHP Nelson Colon
|
|
Now at 2B: Nate Fitzhugh
|
|
Now at SS: Hisornori Watanabe
|
|
Now in LF: John Keddie
|
|
Now in CF: Hector Gonzales
|
|
Now in RF: Corey Olsen
|
|
Pinch Hitting: RHB Bob Pagano
|
0-0: Called Strike 0-1: Swinging Strike 0-2: Foul Ball, location: 7LDF 0-2: Foul Ball, location: 2F 0-2: Ball 1-2: Strikes out looking
|
Batting: RHB Alex Conchas
|
0-0: SINGLE (Line Drive, 56, EV 108.1 MPH)
|
Batting: LHB Melvin Valdez
|
0-0: Ball 1-0: Ball 2-0: Foul Ball, location: 7LDF 2-1: Foul Ball, location: 3F 2-2: Foul Ball, location: 3FF 2-2: Fly out, F9 (Line Drive, 9S, EV 94.4 MPH)
|
Batting: LHB Felipe Ruiz
|
0-0: Foul Ball, location: 2F 0-1: Foul Ball, location: 5SF 0-2: Strikes out looking
|
Bottom of the 7th over - 0 runs, 1 hit, 0 errors, 1 left on base; Fargo-Moorhead 2 - Texas 2 |
TOP OF THE 8TH |
Fargo-Moorhead RedHawks batting - Pitching for Texas AirHogs : LHP Mario Rico
|
Now in CF: Bob Pagano
|
|
Batting: RHB Juan Chavez
|
0-0: DOUBLE (Flyball, 8LXD, EV 103.8 MPH)
|
Batting: LHB Ben Grosser
|
0-0: Ball 1-0: Called Strike 1-1: Foul Ball, location: 3F 1-2: Strikes out looking
|
Batting: RHB John Keddie
|
0-0: Ball 1-0: Called Strike 1-1: Ball 2-1: Called Strike 2-2: Ground out 3-1 (Groundball, 34S, EV 81.3 MPH) Juan Chavez to third
|
Batting: RHB Paul Outerbridge
|
0-0: Ball 1-0: Ball 2-0: Ball 3-0: Base on Balls
|
Batting: LHB Nate Fitzhugh
|
0-0: Fly out, F5 (Popup, 5S, EV 72.5 MPH)
|
Top of the 8th over - 0 runs, 1 hit, 0 errors, 2 left on base; Fargo-Moorhead 2 - Texas 2 |
BOTTOM OF THE 8TH |
Texas AirHogs batting - Pitching for Fargo-Moorhead RedHawks : LHP Nelson Colon
|
Pitching: RHP Oltion Rodeheaver
|
|
Batting: LHB Kevin Tedder
|
0-0: Foul Ball, location: 7LMF 0-1: Foul Ball, location: 5F 0-2: Ball 1-2: Foul Ball, location: 5F 1-2: Foul Ball, location: 3F 1-2: Strikes out looking
|
Batting: RHB Gabriel Flores
|
0-0: Ball 1-0: Ball 2-0: Ball 3-0: Called Strike 3-1: Base on Balls
|
Batting: SHB Jose Cervantes
|
0-0: Called Strike 0-1: Fly out, F8 (Flyball, 8RXD, EV 87.5 MPH)
|
Batting: RHB Alex Novoa
|
0-0: Fly out, F6 (Popup, P, EV 78.8 MPH)
|
Bottom of the 8th over - 0 runs, 0 hits, 0 errors, 1 left on base; Fargo-Moorhead 2 - Texas 2 |
TOP OF THE 9TH |
Fargo-Moorhead RedHawks batting - Pitching for Texas AirHogs : LHP Mario Rico
|
Pitching: RHP Brad Phillips
|
|
Batting: LHB Corey Olsen
|
0-0: Called Strike 0-1: Fly out, F2 (Popup, 25F, EV 87.5 MPH)
|
Batting: RHB Hisornori Watanabe
|
0-0: Ball 1-0: Foul Ball, location: 9LMF 1-1: Ball 2-1: Foul Ball, location: 3SF 2-2: Strikes out swinging
|
Batting: RHB Victor Rodriguez
|
0-0: Called Strike 0-1: Swinging Strike 0-2: Ball 1-2: Foul Ball, location: 9LDF 1-2: Ball 2-2: Foul Ball, location: 7LDF 2-2: Ball 3-2: Foul Ball, location: 3F 3-2: Base on Balls
|
Batting: RHB Hector Gonzales
|
0-0: Called Strike 0-1: Ball 1-1: Foul Ball, location: 2F 1-2: Strikes out swinging
|
Top of the 9th over - 0 runs, 0 hits, 0 errors, 1 left on base; Fargo-Moorhead 2 - Texas 2 |
BOTTOM OF THE 9TH |
Texas AirHogs batting - Pitching for Fargo-Moorhead RedHawks : RHP Oltion Rodeheaver
|
Pitching: RHP Ricky Reyna
|
|
Pinch Hitting: RHB Justin Huffstickler
|
0-0: Ball 1-0: Ground out 4-3 (Groundball, 4, EV 86.3 MPH)
|
Batting: RHB Bob Pagano
|
0-0: Ground out 4-3 (Groundball, 4S, EV 71.9 MPH)
|
Batting: RHB Alex Conchas
|
0-0: Ball 1-0: Ground out 2-3 (Groundball, 2R, EV 68.8 MPH)
|
Bottom of the 9th over - 0 runs, 0 hits, 0 errors, 0 left on base; Fargo-Moorhead 2 - Texas 2 |
TOP OF THE 10TH |
Fargo-Moorhead RedHawks batting - Pitching for Texas AirHogs : RHP Brad Phillips
|
Now at 2B: Alex Conchas
|
|
Now at 3B: Gil Wozniak
|
|
Batting: RHB Juan Chavez
|
0-0: Ball 1-0: Ball 2-0: Foul Ball, location: 2F 2-1: Foul Ball, location: 3F 2-2: Ball 3-2: Fly out, F8 (Flyball, 8LXD, EV 106.3 MPH)
|
Batting: LHB Ben Grosser
|
0-0: Called Strike 0-1: Swinging Strike 0-2: Strikes out swinging
|
Batting: RHB John Keddie
|
0-0: Called Strike 0-1: SOLO HOME RUN (Flyball, 9LD, EV 95.0 MPH), Distance : 347 ft
|
Batting: RHB Paul Outerbridge
|
0-0: Called Strike 0-1: Ball 1-1: Fly out, F8 (Flyball, 8RD, EV 87.5 MPH)
|
Top of the 10th over - 1 run, 1 hit, 0 errors, 0 left on base; Fargo-Moorhead 3 - Texas 2 |
BOTTOM OF THE 10TH |
Texas AirHogs batting - Pitching for Fargo-Moorhead RedHawks : RHP Ricky Reyna
|
Batting: LHB Melvin Valdez
|
0-0: Ball 1-0: Ball 2-0: Ground out U3 (Groundball, 3, EV 85.0 MPH)
|
Batting: LHB Felipe Ruiz
|
0-0: Ball 1-0: Foul Ball, location: 2F 1-1: Ball 2-1: Called Strike 2-2: Ball 3-2: Foul Ball, location: 5F 3-2: Foul Ball, location: 23F 3-2: Foul Ball, location: 25F 3-2: Ground out 4-3 (Groundball, 4, EV 83.8 MPH)
|
Batting: LHB Kevin Tedder
|
0-0: Swinging Strike 0-1: Ball 1-1: Called Strike 1-2: Ball 2-2: Ball 3-2: Base on Balls
|
Batting: RHB Gabriel Flores
|
0-0: Called Strike 0-1: Ball 1-1: Called Strike 1-2: Ball 2-2: DOUBLE (Flyball, 8LXD, EV 96.9 MPH) Kevin Tedder to third Runner from 3rd tries for Home, SAFE, no throw by CF
|
Batting: SHB Jose Cervantes
|
0-0: Intentional Walk
|
Batting: RHB Alex Novoa
|
0-0: Ball 1-0: Swinging Strike 1-1: SINGLE (Groundball, 34D, EV 105.6 MPH) Gabriel Flores to third Jose Cervantes to second Runner from 3rd tries for Home, SAFE, throw by RF to home
|
Bottom of the 10th over - 2 runs, 2 hits, 0 errors, 2 left on base; Fargo-Moorhead 3 - Texas 4 |
|